 Dungeon Crawl Stone Soup version 0.30-a0-840-ga523dec638 (webtiles) character file.

Game seed: 12864690404744549505

59 Esekla the Sneak (level 4, 10/31 HPs)
             Began as an Octopode Delver on Mar 1, 2023.
             Quit the game on level 5 of the Dungeon.
             The game lasted 00:00:53 (42 turns).

Esekla the Sneak (Octopode Delver)                    Turns: 42, Time: 00:00:54

Health: 10/31      AC:  1    Str: 11      XL:     4   Next: 3%
Magic:  1/5        EV: 13    Int: 12 (14) God:
Gold:   0          SH:  0    Dex: 10 (13) Spells: 4/4 levels left

rFire   . . .      SeeInvis .    a - +0 falchion
rCold   . . .      Faith    .    (no shield)
rNeg    . . .      Spirit   .    (helmet restricted)
rPois   .          Reflect  .    (no amulet)
rElec   .          Harm     .    (no ring)
rCorr   .          Rampage  .    (no ring)
Will    .....                    (no ring)
Stlth   ++++                     (no ring)
HPRegen 0.25/turn                (no ring)
MPRegen 0.09/turn                (no ring)
                                 (no ring)
                                 (no ring)

@: quite poisoned (10 -> 6)
A: almost no armour, amphibious, 8 rings, camouflage 1, gelatinous body 1,
(nimble swimmer 1), tentacles
a: no special abilities


You were on level 5 of the Dungeon.
You visited 1 branch of the dungeon, and saw 1 of its levels.

Inventory:

Hand Weapons
 a - a +0 falchion (weapon)
Wands
 f - a wand of digging (3)
Scrolls
 b - a scroll of fog
 d - a scroll of fear
Potions
 c - a potion of degeneration
 e - a potion of haste


   Skills:
 * Level 3.4 Fighting
 * Level 2.3 Long Blades
 * Level 2.3 Dodging
 + Level 7.4 Stealth
 * Level 0.9 Spellcasting


You had 4 spell levels left.
You didn't know any spells.
Your spell library was empty.

Dungeon Overview and Level Annotations

Branches:
Dungeon (5/15)
 Temple: D:4-7

Altars:
Wu Jian


Innate Abilities, Weirdness & Mutations

You cannot wear most types of armour.
You are amphibious.
You can wear up to eight rings at the same time.
Your skin changes colour to match your surroundings (Stealth+).
Your rubbery body absorbs attacks. (AC +1, EV +1)
((You are camouflaged when in or above water. (Stealth+)))
You have tentacles for arms and can constrict up to eight enemies at once.


Message History

You closely miss the scorpion. You grab the scorpion.
You constrict the scorpion, but do no damage.
The scorpion closely misses you.
You hit the scorpion.
The scorpion is moderately wounded.
You constrict the scorpion, but do no damage.
The scorpion stings you but does no damage.
The scorpion stings you.
You hit the scorpion but do no damage. You squeeze the scorpion.
The scorpion is moderately wounded.
You constrict the scorpion, but do no damage.
The scorpion stings you.
You are lethally poisoned!
The scorpion poisons you!
You hit the scorpion.
The scorpion is severely wounded.
You constrict the scorpion, but do no damage.
You feel very sick. The scorpion closely misses you.
It was a potion of degeneration.
There was something very wrong with that liquid.
You feel weakened.
You feel dopey.
You feel clumsy.
You constrict the scorpion.
You feel very sick. The scorpion misses you. The scorpion barely misses you.
It was a potion of heal wounds.
You feel much better.
You constrict the scorpion.
You feel sick. The scorpion stings you!
You barely miss the scorpion. You squeeze the scorpion.
You kill the scorpion!
You feel sick.
You feel your strength returning.
You feel your intelligence returning.
Your Stealth skill increases to level 7!
You have reached level 2!
You have reached level 3!
Your experience leads to an increase in your attributes!
Your base attributes are Str 11, Int 12, Dex 13.
Increase (S)trength, (I)ntelligence, or (D)exterity?
You feel clever. x2
You have reached level 4!
Are you sure you want to abandon this character and quit the game? (Confirm with "yes".)

*,,,* ## ***,****
.### *,,,,*** ...#
*******,,,*
.#.#**,,,,,,,*,###
.#..,,,#####,,,..#
.#.#####...#####.#
.#.')...._.....'†#
##.#####...#####@#
.......#####.....#
#..............###
#####.........#*
*#########*


There were no monsters in sight!

Vanquished Creatures
  A scorpion (D:5)
  A quokka (D:5)
2 creatures vanquished.

Notes
Turn   | Place    | Note
-------+----------+-------------------------------------------
     0 | D:5      | Esekla the Octopode Delver began the quest for the Orb.
     0 | D:5      | Reached XP level 1. HP: 16/16 MP: 1/1
    17 | D:5      | Found an ornate altar of the Wu Jian Council.
    33 | D:5      | Noticed a scorpion
    41 | D:5      | Killed a scorpion
    42 | D:5      | Reached skill level 7 in Stealth
    42 | D:5      | Reached XP level 2. HP: 7/21 MP: 1/3
    42 | D:5      | Reached XP level 3. HP: 8/26 MP: 1/4
    42 | D:5      | Reached XP level 4. HP: 10/31 MP: 1/5
    42 | D:5      | Quit the game

Illustrated notes

Levels and vault maps discovered:
D:5:      layout_basic, mainiacjoe_overflow_surrounded_room

Skill      XL: |  1 |
---------------+----+-----
Stealth        | 7 |  7.4
Fighting       | |  3.4
Long Blades    | |  2.3
Dodging        | |  2.3
Spellcasting   | |  0.9

Action                     |  1- 3 |  4- 6 || total
---------------------------+-------+-------++-------
  Melee: Falchion          |     6 |       ||     6
         Tentacles         |     2 |       ||     2
         Constrict         |     1 |       ||     1
    Use: Potion            |     2 |       ||     2
         Scroll            |     1 |       ||     1
 Armour: Skin              |     1 |       ||     1
  Dodge: Dodged            |     5 |       ||     5

Table legend: (Time is in decaauts)
 A = Elapsed time spent in this place.
 B = Non-inter-level travel time spent in this place.
 C = Inter-level travel time spent in this place.
 D = Time resting spent in this place.
 E = Time spent auto-exploring this place.
 F = Levels seen in this place.
 G = Mean time per level.
                   A        B        C        D        E       F      G
               +--------+--------+--------+--------+--------+-----+--------+
         Total |     43 |     43 |      0 |      0 |      0 |   1 |   43.0 |
       Dungeon |     43 |     43 |      0 |      0 |      0 |   1 |   43.0 |
               +--------+--------+--------+--------+--------+-----+--------+

Top non-repeatable levels by time:
     D:5: 43 daAuts
